HSSL
INDIANAPOLIS HS CHAOS @ BUCHANAN HS
04/02/2028
 
TOP OF THE 1ST
Indianapolis HS Chaos batting - Pitching for Buchanan HS : RHP Gerald Collins
Pitching: RHP Gerald Collins
Batting: LHB Jason Hudson 0-0: Foul Ball, location: 2F
0-1: Ball
1-1: Foul Ball, location: 2F
1-2: Strikes out swinging
Batting: LHB Chris Russell 0-0: Ball
1-0: Ball
2-0: Called Strike
2-1: Ball
3-1: Base on Balls
Batting: RHB Bryan Reed 0-0: Fly out, F8 (Flyball, 8RM)
Batting: RHB Andy Norris 0-0: Called Strike
0-1: Foul Ball, location: 2F
0-2: Foul Ball, location: 2F
0-2: Ball
1-2: Strikes out swinging
Top of the 1st over - 0 run(s), 0 hit(s), 0 error(s), 1 left on base; Indianapolis HS 0 - Buchanan HS 0
BOTTOM OF THE 1ST
Buchanan HS batting - Pitching for Indianapolis HS Chaos : LHP Sam Roach
Pitching: LHP Sam Roach
Batting: LHB José Martínez 0-0: Ball
1-0: Ball
2-0: Ground out 6-3 (Groundball, 6)
Batting: RHB Ánibal Vega 0-0: Called Strike
0-1: Ball
1-1: SINGLE (Flyball, 89S)
Batting: LHB Franklin Jackson 0-0: Fly out, F8 (Flyball, 78D)
Batting: RHB William Pérez 0-0: Ball
1-0: Called Strike
1-1: Called Strike
1-2: Ground out U3 (Groundball, 3)
Bottom of the 1st over - 0 run(s), 1 hit(s), 0 error(s), 1 left on base; Indianapolis HS 0 - Buchanan HS 0
TOP OF THE 2ND
Indianapolis HS Chaos batting - Pitching for Buchanan HS : RHP Gerald Collins
Batting: LHB William Morgan 0-0: Called Strike
0-1: Swinging Strike
0-2: Strikes out swinging
Batting: RHB Brian Carriaga 0-0: Called Strike
0-1: Called Strike
0-2: Ball
1-2: Ball
2-2: Ball
3-2: Foul Ball, location: 2F
3-2: SINGLE (Line Drive, 78S)
Batting: SHB Jimmy Bullock 0-0: Called Strike
0-1: Ball
1-1: Foul Ball, location: 2F
1-2: Ball
2-2: Foul Ball, location: 2F
2-2: Ball
3-2: Base on Balls
Brian Carriaga to second
Batting: RHB António Solís 0-0: Ball
1-0: Fly out, F9 (Flyball, 9S)
Batting: RHB Warren Norton 0-0: Ball
1-0: Swinging Strike
1-1: Fielders Choice at 2nd, 5-4 (Groundball, 5)
Top of the 2nd over - 0 run(s), 1 hit(s), 0 error(s), 1 left on base; Indianapolis HS 0 - Buchanan HS 0
BOTTOM OF THE 2ND
Buchanan HS batting - Pitching for Indianapolis HS Chaos : LHP Sam Roach
Batting: LHB Edgar Cameron 0-0: Ball
1-0: Ball
2-0: Called Strike
2-1: Foul Ball, location: 2F
2-2: Ground out 3-1 (Groundball, 34)
Batting: LHB Perry Hayward 0-0: Called Strike
0-1: Ball
1-1: Ball
2-1: Foul Ball, location: 2F
2-2: Strikes out swinging
Batting: RHB Jim Williams 0-0: Ball
1-0: Ball
2-0: Called Strike
2-1: Ball
3-1: Called Strike
3-2: Foul Ball, location: 2F
3-2: Foul Ball, location: 2F
3-2: Strikes out looking
Bottom of the 2nd over - 0 run(s), 0 hit(s), 0 error(s), 0 left on base; Indianapolis HS 0 - Buchanan HS 0
TOP OF THE 3RD
Indianapolis HS Chaos batting - Pitching for Buchanan HS : RHP Gerald Collins
Batting: LHB Jason Hudson 0-0: Called Strike
0-1: Called Strike
0-2: Strikes out swinging
Batting: LHB Chris Russell 0-0: Ball
1-0: Ball
2-0: Ball
3-0: Called Strike
3-1: Called Strike
3-2: Base on Balls
Batting: RHB Bryan Reed 0-0: Called Strike
0-1: Ball
1-1: Foul Ball, location: 2F
1-2: SINGLE (Popup, 4MD)
Chris Russell to second
Batting: RHB Andy Norris 0-0: Ball
1-0: Called Strike
1-1: Called Strike
1-2: Strikes out swinging
Batting: LHB William Morgan 0-0: SINGLE (Groundball, 56S) (infield hit)
Chris Russell to third
Bryan Reed to second
Batting: RHB Brian Carriaga 0-0: Called Strike
0-1: Ball
1-1: Called Strike
1-2: Strikes out looking
Top of the 3rd over - 0 run(s), 2 hit(s), 0 error(s), 3 left on base; Indianapolis HS 0 - Buchanan HS 0
BOTTOM OF THE 3RD
Buchanan HS batting - Pitching for Indianapolis HS Chaos : LHP Sam Roach
Batting: RHB Dave Burchette 0-0: Called Strike
0-1: Ball
1-1: Ball
2-1: Called Strike
2-2: Strikes out looking
Batting: LHB Jeff MacKinney 0-0: Ball
1-0: Ground out 1-3 (Groundball, 13S)
Batting: LHB José Martínez 0-0: Called Strike
0-1: Ball
1-1: Ball
2-1: Fly out, F7 (Flyball, 78M)
Bottom of the 3rd over - 0 run(s), 0 hit(s), 0 error(s), 0 left on base; Indianapolis HS 0 - Buchanan HS 0
TOP OF THE 4TH
Indianapolis HS Chaos batting - Pitching for Buchanan HS : RHP Gerald Collins
Batting: SHB Jimmy Bullock 0-0: Ball
1-0: Called Strike
1-1: Foul Ball, location: 2F
1-2: Ball
2-2: Strikes out looking
Batting: RHB António Solís 0-0: Ball
1-0: Ball
2-0: Ball
3-0: Called Strike
3-1: Swinging Strike
3-2: Foul Ball, location: 2F
3-2: Strikes out looking
Batting: RHB Warren Norton 0-0: Called Strike
0-1: Ball
1-1: Ball
2-1: Ball
3-1: Foul Ball, location: 2F
3-2: Reached on error, E5 (Groundball, 5)
Batting: LHB Jason Hudson 0-0: Called Strike
0-1: Foul Ball, location: 2F
0-2: Ball
1-2: Ball
2-2: Ball
3-2: SINGLE (Line Drive, 89S)
Warren Norton to third
Warren Norton scores
Pitching: RHP Garth Zapata
Batting: LHB Chris Russell 0-0: Foul Ball, location: 2F
0-1: Ball
1-1: Ball
2-1: Foul Ball, location: 2F
2-2: SINGLE (Groundball, 6MD)
Jason Hudson to second
Runner from 2nd tries for 3rd, SAFE, throw made to third
Batting: RHB Bryan Reed 0-0: Foul Ball, location: 2F
0-1: Ball
1-1: Foul Ball, location: 2F
1-2: Ball
2-2: Fly out, F5 (Line Drive, 5)
Top of the 4th over - 1 run(s), 2 hit(s), 1 error(s), 2 left on base; Indianapolis HS 1 - Buchanan HS 0
BOTTOM OF THE 4TH
Buchanan HS batting - Pitching for Indianapolis HS Chaos : LHP Sam Roach
Batting: RHB Ánibal Vega 0-0: Ball
1-0: Ball
2-0: Foul Ball, location: 2F
2-1: Foul Ball, location: 2F
2-2: DOUBLE (Line Drive, 9LM)
Batting: LHB Franklin Jackson 0-0: Ball
1-0: SINGLE (Groundball, 6) (infield hit)
Ánibal Vega to third
Batting: RHB William Pérez 0-0: Ball
1-0: Called Strike
1-1: Ball
Passed Ball!
Ánibal Vega scores
Franklin Jackson to second
2-1: Ground out 4-3 (Groundball, 4)
Franklin Jackson to third
Batting: LHB Edgar Cameron 0-0: Ball
1-0: Ball
2-0: Called Strike
2-1: Ball
3-1: Ground out 4-3 (Groundball, 4)
Franklin Jackson scores
Batting: LHB Perry Hayward 0-0: Called Strike
0-1: Foul Ball, location: 2F
0-2: Ball
1-2: Strikes out looking
Bottom of the 4th over - 2 run(s), 2 hit(s), 0 error(s), 0 left on base; Indianapolis HS 1 - Buchanan HS 2
TOP OF THE 5TH
Indianapolis HS Chaos batting - Pitching for Buchanan HS : RHP Garth Zapata
Batting: RHB Andy Norris 0-0: Called Strike
0-1: Called Strike
0-2: Ball
1-2: Ground out 6-3 (Groundball, 56)
Batting: LHB William Morgan 0-0: Foul Ball, location: 2F
0-1: Fly out, F7 (Flyball, 7S)
Batting: RHB Brian Carriaga 0-0: Ball
1-0: Foul Ball, location: 2F
1-1: DOUBLE (Line Drive, 9)
Batting: SHB Jimmy Bullock 0-0: Ground out 6-3 (Groundball, 6)
Top of the 5th over - 0 run(s), 1 hit(s), 0 error(s), 1 left on base; Indianapolis HS 1 - Buchanan HS 2
BOTTOM OF THE 5TH
Buchanan HS batting - Pitching for Indianapolis HS Chaos : LHP Sam Roach
Batting: RHB Jim Williams 0-0: Fly out, F8 (Flyball, 8RM)
Batting: RHB Dave Burchette 0-0: Called Strike
0-1: Ball
1-1: Called Strike
1-2: Fly out, F6 (Popup, 6MD)
Batting: LHB Jeff MacKinney 0-0: SINGLE (Groundball, 34D)
Batting: LHB José Martínez 0-0: Ball
1-0: Fielders Choice at 2nd, 4-6 (Groundball, 4)
Bottom of the 5th over - 0 run(s), 1 hit(s), 0 error(s), 0 left on base; Indianapolis HS 1 - Buchanan HS 2
TOP OF THE 6TH
Indianapolis HS Chaos batting - Pitching for Buchanan HS : RHP Garth Zapata
Batting: RHB António Solís 0-0: Ball
1-0: Fly out, F4 (Popup, 3D)
Batting: RHB Warren Norton 0-0: Fly out, F5 (Line Drive, 5)
Batting: LHB Jason Hudson 0-0: Ball
1-0: Ball
2-0: Ball
3-0: Foul Ball, location: 2F
3-1: Base on Balls
Batting: LHB Chris Russell 0-0: Called Strike
0-1: Ball
1-1: Swinging Strike
1-2: Ball
2-2: Ball
3-2: Ground out 1-3 (Groundball, P)
Top of the 6th over - 0 run(s), 0 hit(s), 0 error(s), 1 left on base; Indianapolis HS 1 - Buchanan HS 2
BOTTOM OF THE 6TH
Buchanan HS batting - Pitching for Indianapolis HS Chaos : LHP Sam Roach
Batting: RHB Ánibal Vega 0-0: Ball
1-0: Ball
2-0: Ball
3-0: Called Strike
3-1: Called Strike
3-2: Ground out 6-3 (Groundball, 6)
Batting: LHB Franklin Jackson 0-0: Swinging Strike
0-1: Called Strike
0-2: Ball
1-2: SINGLE (Flyball, 7S)
Batting: RHB William Pérez 0-0: Foul Ball, location: 2F
0-1: Ball
1-1: Foul Ball, location: 2F
1-2: Foul Ball, location: 2F
1-2: Ball
2-2: Fly out, F9 (Flyball, 89M)
Pitching: RHP Denny Herbert
Batting: LHB Edgar Cameron 0-0: 2-RUN HOME RUN (Flyball, 7D), Distance : 359 ft
Batting: LHB Perry Hayward 0-0: Ball
1-0: Foul Ball, location: 2F
1-1: Foul Ball, location: 2F
1-2: Ball
2-2: Ground out 4-3 (Groundball, 4)
Bottom of the 6th over - 2 run(s), 2 hit(s), 0 error(s), 0 left on base; Indianapolis HS 1 - Buchanan HS 4
TOP OF THE 7TH
Indianapolis HS Chaos batting - Pitching for Buchanan HS : RHP Garth Zapata
Batting: RHB Bryan Reed 0-0: Ground out 6-3 (Groundball, 6)
Batting: RHB Andy Norris 0-0: Foul Ball, location: 2F
0-1: Foul Ball, location: 2F
0-2: Strikes out swinging
Batting: LHB William Morgan 0-0: Called Strike
0-1: Ground out 6-3 (Groundball, 6M)
Top of the 7th over - 0 run(s), 0 hit(s), 0 error(s), 0 left on base; Indianapolis HS 1 - Buchanan HS 4
BOTTOM OF THE 7TH
Buchanan HS batting - Pitching for Indianapolis HS Chaos : RHP Denny Herbert
Batting: RHB Jim Williams 0-0: SINGLE (Flyball, 8RS)
Batting: RHB Dave Burchette 0-0: Sac Bunt - play at first, batter OUT! 1-3
Jim Williams to second
Batting: LHB Jeff MacKinney 0-0: Called Strike
0-1: Ball
1-1: Ball
2-1: Ball
3-1: Fly out, F7 (Flyball, 7S)
Batting: LHB José Martínez 0-0: Ball
1-0: Called Strike
1-1: Called Strike
1-2: Ball
2-2: Ball
3-2: Fly out, F9 (Flyball, 9S)
Bottom of the 7th over - 0 run(s), 1 hit(s), 0 error(s), 1 left on base; Indianapolis HS 1 - Buchanan HS 4
TOP OF THE 8TH
Indianapolis HS Chaos batting - Pitching for Buchanan HS : RHP Garth Zapata
Batting: RHB Brian Carriaga 0-0: Called Strike
0-1: Called Strike
0-2: Ball
1-2: Strikes out swinging
Batting: SHB Jimmy Bullock 0-0: Called Strike
0-1: Ground out 6-3 (Groundball, 6)
Batting: RHB António Solís 0-0: Called Strike
0-1: Called Strike
0-2: Foul Ball, location: 2F
0-2: Ball
1-2: Fly out, F9 (Flyball, 9LSF)
Top of the 8th over - 0 run(s), 0 hit(s), 0 error(s), 0 left on base; Indianapolis HS 1 - Buchanan HS 4
BOTTOM OF THE 8TH
Buchanan HS batting - Pitching for Indianapolis HS Chaos : RHP Denny Herbert
Batting: RHB Ánibal Vega 0-0: Hit by Pitch
Batting: LHB Franklin Jackson 0-0: Called Strike
0-1: Called Strike
0-2: Strikes out looking
Batting: RHB William Pérez 0-0: Ball
1-0: Ball
Wild Pitch!
Ánibal Vega to second
2-0: Called Strike
2-1: Ball
3-1: Called Strike
3-2: Fly out, F9 (Line Drive, 9)
Batting: LHB Edgar Cameron 0-0: Swinging Strike
0-1: SINGLE (Flyball, 78S)
Ánibal Vega to third
Runner from 3rd tries for Home, SAFE, no throw
Pitching: RHP Kenny Baker
Batting: LHB Perry Hayward 0-0: Ball
1-0: Ball
2-0: Called Strike
2-1: Ball
3-1: Swinging Strike
3-2: Base on Balls
Edgar Cameron to second
Batting: RHB Jim Williams 0-0: SINGLE (Flyball, 89M)
Edgar Cameron to third
Perry Hayward to second
Runner from 3rd tries for Home, SAFE, no throw
Batting: RHB Dave Burchette 0-0: Called Strike
0-1: Ball
1-1: Called Strike
1-2: Foul Ball, location: 2F
1-2: SINGLE (Flyball, 9LS)
Perry Hayward to third
Jim Williams to second
Runner from 3rd tries for Home, SAFE, no throw
Batting: LHB Jeff MacKinney 0-0: Ball
1-0: 3-RUN HOME RUN (Flyball, 8RXD), Distance : 423 ft
Pitching: LHP Andy Fitzpatrick
Batting: LHB José Martínez 0-0: Called Strike
0-1: Foul Ball, location: 2F
0-2: Ball
1-2: Strikes out swinging
Bottom of the 8th over - 6 run(s), 4 hit(s), 0 error(s), 0 left on base; Indianapolis HS 1 - Buchanan HS 10
TOP OF THE 9TH
Indianapolis HS Chaos batting - Pitching for Buchanan HS : RHP Garth Zapata
Pitching: RHP Andy Russell
Now at C: Christian Dennis
Now at 2B: Len Valadez
Batting: RHB Warren Norton 0-0: Ball
1-0: Ball
2-0: Swinging Strike
2-1: Swinging Strike
2-2: Ball
3-2: Base on Balls
Batting: LHB Jason Hudson 0-0: Swinging Strike
0-1: Ball
1-1: Called Strike
1-2: Ball
2-2: Foul Ball, location: 2F
2-2: Strikes out swinging
Batting: LHB Chris Russell 0-0: Foul Ball, location: 2F
0-1: Ball
1-1: Ball
2-1: Foul Ball, location: 2F
2-2: Fly out, F7 (Flyball, 7S)
Batting: RHB Bryan Reed 0-0: Ball
1-0: Ball
2-0: Swinging Strike
2-1: SINGLE (Flyball, 7S)
Warren Norton to second
Batting: RHB Andy Norris 0-0: Ball
1-0: Foul Ball, location: 2F
1-1: Foul Ball, location: 2F
1-2: Foul Ball, location: 2F
1-2: Foul Ball, location: 2F
1-2: Ball
2-2: Ball
3-2: Base on Balls
Warren Norton to third
Bryan Reed to second
Batting: LHB William Morgan 0-0: Called Strike
0-1: Swinging Strike
0-2: Ball
1-2: Strikes out swinging
Top of the 9th over - 0 run(s), 1 hit(s), 0 error(s), 3 left on base; Indianapolis HS 1 - Buchanan HS 10
Tuesday, August 8th, 2017 - OOTP Baseball 17.12 Build 75